 Dungeon Crawl Stone Soup version 0.32-a0-38-gb04dd89b9b (webtiles) character file.

Game seed: 473531926313743349

10513 Newt the Skirmisher (level 11, -4/63 HPs)
             Began as a Kobold Hunter on Jan 23, 2024.
             Was a Priest of Hepliaklqana.
             Slain by Fannar
             ... wielding a staff of cold
              (38 damage)
             ... on level 11 of the Dungeon.
             The game lasted 00:14:56 (9605 turns).

Newt the Skirmisher (Kobold Hunter)                 Turns: 9605, Time: 00:14:57

Health: -4/63      AC: 10    Str: 13    XL:     11   Next: 94%
Magic:  17/17      EV: 23    Int:  9    God:    Hepliaklqana [***...]
Gold:   441        SH:  6    Dex: 22    Spells: 10/10 levels left

rFire   . . .        m - +1 sling (heavy)
rCold   . . .        z - +0 buckler
rNeg    . . .        c - +0 leather armour
rPois   .            n - +1 helmet
rElec   .            D - scarf {harm}
rCorr   .            F - +2 pair of gloves
SInv    .            (no boots)
Will    .....        i - amulet of regeneration
Stlth   ++++         (no ring)
HPRegen 1.10/turn    (no ring)
MPRegen 0.15/turn

%: harm (+30% outgoing, +20% incoming)
@: no status effects
A: reduced essence, small, no large weapons, nightstalker 3, iridescent scales
1, robust 1, strong 1
a: Renounce Religion, Recall Ancestor, Ancestor Identity, Transference


You were on level 11 of the Dungeon.
You worshipped Hepliaklqana.
Hepliaklqana was most pleased with you.
You visited 2 branches of the dungeon, and saw 12 of its levels.
You also visited: Ossuary.

You collected 441 gold pieces.

Inventory:

Hand Weapons
 a - a +0 shortbow
 m - a +1 heavy sling (weapon)
Missiles
 b - 2 throwing nets
Armour
 c - a +0 leather armour (worn)
 k - a +0 pair of gloves
 n - a +1 helmet (worn)
 y - a +0 cloak
 z - a +0 buckler (worn)
 D - a scarf of harm (worn)
 F - a +2 pair of gloves (worn)
 G - a +0 troll leather armour
Jewellery
 g - an amulet of magic regeneration
 h - an amulet of the acrobat
 i - an amulet of regeneration (around neck)
Wands
 v - a wand of light (4)
 A - a wand of iceblast (6)
Scrolls
 j - 7 scrolls of teleportation
 l - 2 scrolls of amnesia
 q - 2 scrolls of vulnerability
 u - 3 scrolls of enchant armour
 B - a scroll of silence
 C - a scroll of identify
Potions
 d - a potion of enlightenment
 e - 4 potions of might
 f - 2 potions of mutation
 o - 2 potions of brilliance
 p - a potion of attraction
 r - 2 potions of haste
 s - 2 potions of resistance
 t - a potion of invisibility
 w - a potion of ambrosia
 x - a potion of lignification {unknown}
Miscellaneous
 E - a phantom mirror (inert)


   Skills:
 - Level 5.0 Fighting
 * Level 12.1 Ranged Weapons
 - Level 12.0 Dodging
 - Level 5.0 Stealth
 - Level 5.0 Shields
 - Level 9.0 Invocations
 - Level 6.0 Evocations


You had 10 spell levels left.
You didn't know any spells.
Your spell library contained the following spells:

 Spells                   Type           Power      Damage    Failure   Level
 Magic Dart               Conj           0%         1d3       56%         1
 Call Imp                 Summ           0%         N/A       71%         2
 Searing Ray              Conj           0%         2d4       71%         2
 Sublimation of Blood     Necr           0%         N/A       71%         2
 Fulminant Prism          Conj/Alch      0%         3d5       100%        4
 Petrify                  Alch/Erth      0%         N/A       100%        4
 Irradiate                Conj/Alch      0%         3d11      100%        5
 Summon Hydra             Summ           0%         N/A       100%        7


Dungeon Overview and Level Annotations

Branches:
Dungeon (11/15)            Temple (1/1) D:4             Orc (0/2) D:9
Ossuary (visited)
   Lair: D:8-11

Altars:
Ashenzari
Cheibriados
Dithmenos
Elyvilon
Gozag
Hepliaklqana
Kikubaaqudgha
Makhleb
Okawaru
Sif Muna
Trog
Uskayaw
Vehumet
Wu Jian
Xom
Yredelemnul
Zin
The Shining One

Shops:
D:2 !   D:3 (   D:4 (

Annotations:
D:11 Fannar


Innate Abilities, Weirdness & Mutations

Your life essence is reduced to manifest your ancestor. (-10% HP)
You are small and have problems with some larger weapons.
You are completely attuned to the shadows.
You are partially covered in iridescent scales. (AC +2)
You are robust. (+10% HP)
Your muscles are strong. (Str +4, Int/Dex -1)


Message History

Unknown command.
Unknown command.
Things that are here:
a +0 troll leather armour; a troll corpse
G - a +0 troll leather armour Fannar the Cold-Hearted comes into view.
They are wielding a staff of cold and wearing a +1 robe of cold resistance.
Okay, then.
You swap places.
There is a stone staircase leading up here.
Aiming: Phantom Mirror
Press: ? - help, Dir - move target, f - Fannar
Aim: Fannar, wielding a staff of cold and wearing a +1 robe of cold resistance (ally target)
You reflect Fannar with the mirror!
The mirror clouds!
Sextus blocks Fannar's attack.
Sextus closely misses Fannar.
Unknown command.
Unknown command.
Unknown command.
Okay, then.
You shoot a sling bullet. Sextus avoids your attack.
The sling bullet hits Fannar.
Fannar is lightly wounded.
Fannar says, "Does this not give you the chills?"
Sextus blocks Fannar's attack.
You shoot a sling bullet. Sextus avoids your attack.
The sling bullet closely misses Fannar.
Sextus barely misses Fannar.
Fannar hits Sextus but does no damage.
Fannar freezes Sextus.
Fannar closely misses Sextus.
You shoot a sling bullet. Sextus avoids your attack.
The sling bullet barely misses Fannar.
Sextus hits Fannar with a +0 flail!
Fannar gestures wildly while chanting.
Fannar drains the heat from the surrounding environment!
Sextus resists.
You shoot a sling bullet. Sextus avoids your attack.
The sling bullet hits Fannar.
Fannar is moderately wounded.
Sextus hits Fannar with a +0 flail!
Fannar mumbles some strange words.
Fannar drains the heat from the surrounding environment!
Ouch! That really hurt!
You die...

. ..
####e#
#@†R.#
#.####
#..#
#.##
#.


You could see the friendly Sextus the knight and Fannar (ally target).

Vanquished Creatures
  2 two-headed ogres (D:10)
  Pikel (D:8)
  A gargoyle (D:10)
  Jeremiah (D:7)
  A komodo dragon (D:10)
  4 trolls
  A merfolk (D:8)
  Prince Ribbit (D:6)
  A hornet (D:10)
  3 yaks (D:10)
  2 sky beasts (D:8)
  7 orc warriors
  2 ice beasts
  3 centaurs
  An ogre (D:5)
  2 phantoms
  3 bullfrogs (D:8)
  2 kobold brigands
  A scorpion (D:5)
  4 wights (D:9)
  8 killer bees
  A bombardier beetle (D:4)
  3 orc priests
  A gnoll bouda (D:6)
  2 jellies
  A sleepcap (D:5)
  4 hounds
  3 iguanas
  10 orc wizards
  A mummy (Ossuary)
  12 gnolls
  8 adders
  A white imp (D:7)
  2 ufetubi (D:6)
  3 ribbon worms
  4 dart slugs
  27 orcs
  5 bats
  7 endoplasms
  7 giant cockroaches
  4 gnoll zombies (Ossuary)
  11 goblins
  8 hobgoblins
  13 jackals
  5 quokkas
  9 ball pythons
  5 frilled lizards
  A gnoll skeleton (Ossuary)
  6 goblin skeletons (Ossuary)
  6 goblin zombies (Ossuary)
  5 hobgoblin skeletons (Ossuary)
  3 hobgoblin zombies (Ossuary)
  15 kobolds
  3 kobold skeletons (Ossuary)
  3 kobold zombies (Ossuary)
  3 orc skeletons (Ossuary)
  3 orc zombies (Ossuary)
  4 rats
  3 rat skeletons (Ossuary)
  4 rat zombies (Ossuary)
267 creatures vanquished.

Vanquished Creatures (collateral kills)
  A two-headed ogre (D:9)
  Maurice (D:8)
  An unseen horror (D:10)
  A hornet (D:8)
  Menkaure (Ossuary)
  An orc warrior (D:8)
  2 sky beasts
  A centaur (D:9)
  2 lemures (D:8)
  A kobold brigand (D:8)
  2 bullfrogs
  2 gnoll sergeants
  A wight (D:9)
  4 killer bees
  2 howler monkeys
  4 orc priests
  An iguana (D:7)
  2 orc wizards (D:9)
  2 mummies (Ossuary)
  4 gnolls
  A white imp (D:7)
  8 orcs
  A jackal (D:5)
  3 gnoll skeletons (Ossuary)
  A gnoll zombie (Ossuary)
  A hobgoblin skeleton (Ossuary)
  2 kobolds (D:6)
  A rat zombie (Ossuary)
54 creatures vanquished.

Vanquished Creatures (others)
  2 orc wizards (D:8)
  4 knights
  2 ancestors (D:6)
  An orc (D:8)
9 creatures vanquished.

Grand Total: 330 creatures vanquished

Notes
Turn   | Place    | Note
-------+----------+-------------------------------------------
     0 | D:1      | Newt the Kobold Hunter began the quest for the Orb.
     0 | D:1      | Reached XP level 1. HP: 12/12 MP: 1/1
    56 | D:1      | Reached XP level 2. HP: 15/18 MP: 2/2
   142 | D:1      | Reached XP level 3. HP: 22/23 MP: 3/3
   581 | D:2      | Gained mutation: Your muscles are strong. (Str +4, Int/Dex
                  | -1) [potion of mutation]
   581 | D:2      | Gained mutation: You are partially covered in iridescent
                  | scales. (AC +2) [potion of mutation]
   581 | D:2      | Gained mutation: You are robust. (+10% HP) [potion of
                  | mutation]
   762 | D:2      | Found Naest's Distillery.
   903 | D:2      | Reached XP level 4. HP: 33/33 MP: 4/4
  1611 | D:3      | Found Ziexkant's Antique Weapon Shoppe.
  1620 | D:3      | Reached skill level 5 in Fighting
  1867 | D:3      | Reached XP level 5. HP: 38/38 MP: 5/5
  2149 | D:4      | Reached XP level 6. HP: 44/44 MP: 6/6
  2353 | D:4      | Found a staircase to the Ecumenical Temple.
  2414 | Temple   | Entered the Ecumenical Temple
  2418 | Temple   | Became a worshipper of Hepliaklqana the Forgotten
  2732 | D:4      | Found an iron altar of Okawaru.
  2814 | D:4      | Found Coroafom's Antique Weapon Emporium.
  2946 | D:5      | Entered Level 5 of the Dungeon
  3001 | D:5      | Reached XP level 7. HP: 32/48 MP: 7/7
  3324 | D:5      | Reached * piety under Hepliaklqana
  3421 | D:5      | Reached skill level 5 in Dodging
  3580 | D:5      | Reached XP level 8. HP: 49/49 MP: 8/8
  3804 | D:5      | Found a glowing silver altar of Zin.
  4242 | D:6      | Reached skill level 5 in Stealth
  4316 | D:6      | Reached skill level 10 in Ranged Weapons
  4329 | D:6      | Noticed Prince Ribbit
  4349 | D:6      | Killed Prince Ribbit
  4460 | D:6      | Found a sand-covered staircase.
  4465 | Ossuary  | Entered an ossuary
  4810 | Ossuary  | Noticed Menkaure
  4816 | Ossuary  | Killed Menkaure
  4817 | Ossuary  | Reached XP level 9. HP: 47/54 MP: 9/9
  5220 | D:6      | Reached ** piety under Hepliaklqana
  5221 | D:6      | Remembered your ancestor Sextus as a knight
  5876 | D:7      | Found a shadowy altar of Dithmenos.
  6148 | D:7      | Found a broken altar of Ashenzari.
  6307 | D:7      | Noticed Jeremiah
  6324 | D:7      | Killed Jeremiah
  6784 | D:8      | Found a radiant altar of Vehumet.
  6891 | D:8      | Noticed a merfolk
  6908 | D:8      | Killed a merfolk
  6909 | D:8      | Reached skill level 5 in Evocations
  6909 | D:8      | Reached XP level 10. HP: 45/59 MP: 10/10
  7000 | D:8      | Paralysed by a hornet for 1 turns
  7004 | D:8      | Reached skill level 10 in Dodging
  7057 | D:8      | Noticed Pikel
  7080 | D:8      | Killed Pikel
  7362 | D:8      | Noticed Maurice
  7388 | D:8      | Killed Maurice
  7533 | D:8      | Found a bloodstained altar of Trog.
  7721 | D:9      | Reached *** piety under Hepliaklqana
  7845 | D:9      | Reached skill level 5 in Invocations
  7845 | D:9      | Reached XP level 11. HP: 61/62 MP: 14/14
  7930 | D:9      | Noticed a two-headed ogre
  7936 | D:9      | Killed a two-headed ogre
  8225 | D:9      | Found a staircase to the Orcish Mines.
  8609 | D:9      | You fall into a shaft and drop 1 floor!
  8609 | D:10     | Entered Level 10 of the Dungeon
  8810 | D:10     | Identified the +8 falchion of Irghixioll {heavy, Dex+2}
  8828 | D:10     | Noticed a two-headed ogre
  8835 | D:10     | Reached skill level 1 in Shields
  8837 | D:10     | Killed a two-headed ogre
  9467 | D:10     | Noticed a two-headed ogre
  9473 | D:10     | Killed a two-headed ogre
  9598 | D:11     | Reached skill level 5 in Shields
  9599 | D:11     | Noticed Fannar
  9605 | D:11     | Slain by Fannar

Illustrated notes

Levels and vault maps discovered:
D:1:      saegor_arrival_simple_a, layout_basic
D:2:      minmay_wonky_spiral, layout_loops_cross, serial_shops,
          nicolae_shop_industrial_runoff, minmay_misc_feat_square,
          roderic_serpentine_path, minmay_misc_feat_room, minmay_pentomino_o4
D:3:      layout_rooms, serial_shops, shop
D:4:      kennysheep_six_static_rooms, layout_rooms,
          mainiacjoe_overflow_surrounded_room, minmay_temple_entry_glassed_door,
          serial_shops, nicolae_square_shop
D:5:      layout_basic, zin_scriptorium, due_unseen_surprise
D:6:      layout_gridville, nicolae_ossuary_entry_false_entrances, minmay_holes,
          nicolae_houndstooth_variations, uniq_prince_ribbit1
D:7:      layout_rooms, nicolae_dithmenos_through_a_glass_darkly,
          mainiacjoe_overflow_six_doors_small, uniq_jeremiah
D:8:      layout_gridville, trog_book, roadster_trireme, uniq_pikel,
          uniq_maurice
D:9:      layout_cross, chequers_temple_overflow_minitemple, david_orc_4
D:10:     layout_rooms, nicolae_figureground_pulse
D:11:     layout_rooms, lair_entry_dummy, uniq_fannar, uniq_psyche
Temple:   hellmonk_temple_two_chambers

Skill      XL: |  1  2  3  4  5  6  7  8  9 10 11 |
---------------+----------------------------------+-----
Fighting       | 3 4 5 |  5.0
Ranged Weapons | 7 8 9 11 12 | 12.1
Dodging        | 5 9 12 | 12.0
Stealth        | 4 5 |  5.0
Evocations     | 5 6 |  6.0
Invocations    | 5 9 |  9.0
Shields        | 5 |  5.0

Action                     |  1- 3 |  4- 6 |  7- 9 | 10-12 || total
---------------------------+-------+-------+-------+-------++-------
   Fire: Shortbow          |   103 |   196 |       |       ||   299
         Sling             |       |    12 |   455 |   358 ||   825
 Invoke: Ancestor Life: Kn |       |       |     1 |       ||     1
         Recall Ancestor   |       |       |       |     2 ||     2
  Evoke: Wand              |       |       |     2 |     4 ||     6
         Phantom mirror    |       |       |       |     1 ||     1
    Use: Scroll            |     2 |     6 |     8 |     5 ||    21
         Potion            |     1 |       |     2 |       ||     3
 Armour: Leather armour    |    36 |    54 |    68 |    74 ||   232
  Dodge: Dodged            |    68 |    85 |   138 |   169 ||   460
  Block: Buckler           |       |       |       |    37 ||    37

Table legend: (Time is in decaauts)
 A = Elapsed time spent in this place.
 B = Non-inter-level travel time spent in this place.
 C = Inter-level travel time spent in this place.
 D = Time resting spent in this place.
 E = Time spent auto-exploring this place.
 F = Levels seen in this place.
 G = Mean time per level.
                   A        B        C        D        E       F      G
               +--------+--------+--------+--------+--------+-----+--------+
         Total |   9609 |   9223 |    386 |   1148 |   6257 |  13 |  739.2 |
       Dungeon |   9196 |   8811 |    385 |   1148 |   6005 |  11 |  836.0 |
        Temple |      8 |      8 |      0 |      0 |      0 |   1 |    8.0 |
       Ossuary |    404 |    404 |      0 |      0 |    252 |   1 |  404.0 |
               +--------+--------+--------+--------+--------+-----+--------+

Top non-repeatable levels by time:
     D:5: 1299 daAuts
     D:6: 1107 daAuts
     D:2: 1056 daAuts
     D:9: 1036 daAuts
    D:10: 1010 daAuts
     D:8: 910 daAuts
     D:4: 852 daAuts
     D:7: 840 daAuts
     D:1: 582 daAuts
     D:3: 488 daAuts
 Ossuary: 404 daAuts
    D:11: 11 daAuts
  Temple: 8 daAuts
